 Dungeon Crawl Stone Soup version 0.30.1-4-g462c640d31 (webtiles) character file.

Game seed: 17808330242884399943

552 monsoonserge the Merchant of Misery (level 7, -10/52 HPs)
             Began as a Demonspawn Monk on Sept 13, 2023.
             Was a Believer of Kikubaaqudgha.
             Mangled by Prince Ribbit (15 damage)
             ... on level 5 of the Dungeon.
             The game lasted 00:15:26 (4426 turns).

monsoonserge the Merchant of Misery (DsMo)          Turns: 4426, Time: 00:15:27

Health: -10/52     AC:  8    Str: 11    XL:     7   Next: 8%
Magic:  10/10      EV: 12    Int: 13    God:    Kikubaaqudgha [**....]
Gold:   120        SH:  0    Dex: 16    Spells: 8/10 levels left

rFire   . . .        q - +3 dagger (venom)
rCold   . . .        (no shield)
rNeg    . . .        h - +0 leather armour {rPois}
rPois   +            (no helmet)
rElec   .            o - +0 cloak
rCorr   .            (no gloves)
SInv    .            w - +1 pair of boots
Will    .....        (no amulet)
Stlth   +            n - ring of flight
HPRegen 0.28/turn    (no ring)
MPRegen 0.24/turn

%: no passive effects
@: confused, ambrosia-drunk, flying
A: molten scales 1, magic regeneration, demonic magic 2, demonic touch 2
a: Renounce Religion, Unearth Wretches


You were on level 5 of the Dungeon.
You worshipped Kikubaaqudgha.
Kikubaaqudgha was pleased with you.
You visited 1 branch of the dungeon, and saw 5 of its levels.

You collected 225 gold pieces.
You spent 105 gold pieces at shops.

Inventory:

Hand Weapons
 q - a +3 dagger of venom (weapon)
 u - a +2 dagger of pain
Missiles
 f - 4 poisoned darts (quivered)
 k - 6 javelins
 t - 2 atropa-tipped darts
Armour
 h - a +0 leather armour of poison resistance (worn)
 o - a +0 cloak (worn)
 w - a +1 pair of boots (worn)
Jewellery
 n - a ring of flight (left hand)
Wands
 v - a wand of flame (11)
 x - a wand of polymorph (8)
Scrolls
 b - 2 scrolls of brand weapon {unknown}
 e - 5 scrolls of identify {unknown}
 i - 3 scrolls of teleportation {unknown}
 j - a scroll of amnesia {unknown}
 l - 3 scrolls of immolation {unknown}
 r - a scroll of fear {unknown}
 s - 2 scrolls of noise {unknown}
Potions
 a - 3 potions of degeneration {unknown}
 d - a potion of magic {unknown}
 g - 2 potions of haste {unknown}
 m - 3 potions of brilliance {unknown}
 p - 2 potions of mutation {unknown}


   Skills:
 + Level 3.5 Fighting
 + Level 0.8(2.1) Short Blades
 - Level 3.1 Long Blades
 * Level 2.7 Armour
 + Level 3.0 Dodging
 + Level 2.8 Stealth
 - Level 0.5 Shields
 - Level 1.0 Unarmed Combat
 - Level 2.0 Spellcasting
 * Level 0.2 Conjurations
 * Level 3.9 Necromancy


You had 8 spell levels left.
You knew the following spells:

 Your Spells              Type           Power      Damage    Failure   Level
a - Necrotise             Necr           44%        1d6       6%          1
b - Kiss of Death         Conj/Necr      24%        2d7       14%         1

Your spell library contained the following spells:

 Spells                   Type           Power      Damage    Failure   Level
 Sublimation of Blood     Necr           11%        N/A       10%         2
 Vampiric Draining        Necr           11%        2d6       19%         3
 Shock                    Conj/Air       4%         1d3       30%         1
 Freeze                   Ice            4%         1d3       32%         1
 Blink                    Tloc           2%         N/A       43%         2
 Ensorcelled Hibernation  Hex/Ice        2%         N/A       43%         2
 Lesser Beckoning         Tloc           2%         N/A       43%         2
 Momentum Strike          Conj/Tloc      2%         3d8       43%         2
 Dazzling Flash           Conj/Hex       2%         N/A       67%         3
 Frozen Ramparts          Ice            2%         1d1       67%         3
 Hailstorm                Conj/Ice       1%         3d3       67%         3
 Ozocubu's Armour         Ice            1%         N/A       67%         3
 Vhi's Electric Charge    Tloc/Air       2%         N/A       67%         3
 Agony                    Necr           11%        N/A       87%         5
 Manifold Assault         Tloc           1%         N/A       97%         4
 Arcjolt                  Conj/Air       0%         1d10      100%        5
 Freezing Cloud           Conj/Ice/Air   0%         6-21      100%        5
 Plasma Beam              Fire/Air       0%         2x1d11    100%        6
 Storm Form               Tmut/Air       0%         N/A       100%        7


Dungeon Overview and Level Annotations

Branches:
Dungeon (5/15)
 Temple: D:4-7

Altars:
Cheibriados
Kikubaaqudgha
Makhleb
Uskayaw
Xom

Shops:
D:3 (

Annotations:
D:5 Prince Ribbit


Innate Abilities, Weirdness & Mutations

You are partially covered in molten scales. (AC +2)
You regenerate magic rapidly.
Spells you cast may paralyse nearby enemies.
Your touch may inflict irresistible damage on your foes.


Message History

Casting: Necrotise (safe; 6% risk of failure)
Confirm with . or Enter, or press ? or * to list all spells.
Okay, then.
Casting: Necrotise (safe; 6% risk of failure)
Confirm with . or Enter, or press ? or * to list all spells.
Aiming: Necrotise (safe; 6% risk of failure)
Press: ? - help, Shift-Dir - straight line, f/p - Prince Ribbit
Aim: Prince Ribbit (chance to affect: 48%) Prince Ribbit resists with some effort.
Malevolent energies surge around you. Prince Ribbit hits you!
Prince Ribbit completely misses you.
Unknown command.
You hit Prince Ribbit. Your touch misses Prince Ribbit.
Prince Ribbit is lightly wounded.
Prince Ribbit hits you!
You barely miss Prince Ribbit.
Prince Ribbit is lightly wounded.
Prince Ribbit hits you!
* * * LOW HITPOINT WARNING * * *
Unknown command.
Okay, then.
Okay, then.
You are confused.
You feel invigorated. Prince Ribbit hits you!
* * * LOW HITPOINT WARNING * * *
Prince Ribbit blinks!
Okay, then.
Prince Ribbit croaks regally.
You bump into the rock wall.
Prince Ribbit blinks! x2
You're too confused to move!
Prince Ribbit hits you.
* * * LOW HITPOINT WARNING * * *
You bump into the rock wall.
You feel less invigorated.
You feel less confused. Prince Ribbit hits you!
* * * LOW HITPOINT WARNING * * *
You are confused.
You feel invigorated.
Prince Ribbit hits you but does no damage.
Prince Ribbit hits you!
You die...
Kikubaaqudgha rasps: "You have failed me!
Welcome... death!"

#.##............ ....#
#.##.##.####..#. ....
.....##.####..#. #...
#.#.............
...##.#..##.####....
.....#..##.####+##.
#..#.#..##.........
#..#.#..##.........
#.@#.#..##.........
#F.#.#..##.####'##.
###.#..#.#..##.# #.##.
................# #....
................####+##.
####....................
#.#..................
#.#..................
.............#..#+###


You could see Prince Ribbit.

Vanquished Creatures
  An ogre (D:4)
  2 hounds
  An orc priest (D:4)
  Natasha (thrice) (D:3)
  2 iguanas (D:4)
  2 orc wizards (D:4)
  9 adders
  A white imp (D:5)
  An ufetubus (D:4)
  4 worms
  4 dart slugs
  3 orcs (D:4)
  6 bats
  12 endoplasms
  4 giant cockroaches
  4 goblins
  6 hobgoblins
  5 jackals (D:1)
  6 kobolds
  3 quokkas
  6 ball pythons
  5 rats
90 creatures vanquished.

Vanquished Creatures (collateral kills)
  An adder (D:3)
  A worm (D:2)
2 creatures vanquished.

Grand Total: 92 creatures vanquished

Notes
Turn   | Place    | Note
-------+----------+-------------------------------------------
     0 | D:1      | monsoonserge the Demonspawn Monk began the quest for the
                  | Orb.
     0 | D:1      | Reached XP level 1. HP: 18/18 MP: 1/1
    82 | D:1      | Gained mutation: You regenerate magic rapidly. [demonic
                  | ancestry]
    82 | D:1      | Reached XP level 2. HP: 20/24 MP: 2/2
    92 | D:1      | Learned a level 1 spell: Necrotise
   929 | D:1      | Gained mutation: Spells you cast may paralyse adjacent
                  | enemies. [demonic ancestry]
   929 | D:1      | Reached XP level 3. HP: 23/29 MP: 3/3
  1181 | D:2      | Found a shimmering altar of Xom.
  1217 | D:1      | Reached skill level 1 in Armour
  1281 | D:2      | You fall into a shaft and drop 1 floor!
  1410 | D:2      | Gained mutation: You are partially covered in molten
                  | scales. (AC +2) [demonic ancestry]
  1410 | D:2      | Reached XP level 4. HP: 35/35 MP: 2/5
  1639 | D:2      | Reached skill level 1 in Necromancy
  2143 | D:3      | Reached skill level 1 in Spellcasting
  2477 | D:3      | Found a faded altar of an unknown god.
  2489 | D:3      | Found Asiud's Antique Weapon Shoppe.
  2537 | D:3      | Gained mutation: Your touch may inflict minor irresistible
                  | damage on your foes. [demonic ancestry]
  2537 | D:3      | Reached XP level 5. HP: 41/41 MP: 4/6
  2595 | D:3      | Bought a runed dagger for 105 gold pieces
  2628 | D:3      | Noticed Natasha
  2635 | D:3      | Killed Natasha
  2692 | D:3      | Found a burning altar of Makhleb.
  2838 | D:3      | Noticed Natasha
  2846 | D:3      | Killed Natasha
  3054 | D:4      | Got the Collected Works on Confrontation
  3087 | D:3      | Noticed Natasha
  3102 | D:3      | Killed Natasha
  3239 | D:4      | Noticed an ogre
  3249 | D:4      | Killed an ogre
  3250 | D:4      | Reached skill level 1 in Stealth
  3250 | D:4      | Gained mutation: Spells you cast may paralyse nearby
                  | enemies. [demonic ancestry]
  3250 | D:4      | Reached XP level 6. HP: 33/47 MP: 4/8
  3437 | D:4      | Found an ancient bone altar of Kikubaaqudgha.
  3455 | D:4      | Found a hide-covered altar of Uskayaw.
  3474 | D:4      | Became a worshipper of Kikubaaqudgha
  3474 | D:4      | Reached * piety under Kikubaaqudgha
  3474 | D:4      | Received a gift from Kikubaaqudgha
  3474 | D:4      | Reached ** piety under Kikubaaqudgha
  3477 | D:4      | Learned a level 1 spell: Kiss of Death
  3706 | D:4      | Reached skill level 1 in Unarmed Combat
  3995 | D:5      | Entered Level 5 of the Dungeon
  4052 | D:5      | Gained mutation: Your touch may inflict irresistible damage
                  | on your foes. [demonic ancestry]
  4052 | D:5      | Reached XP level 7. HP: 52/52 MP: 8/10
  4058 | D:5      | Got the Disquisition on Shifting and the Crevasse
  4342 | D:5      | Found a snail-covered altar of Cheibriados.
  4412 | D:5      | Noticed Prince Ribbit
  4425 | D:5      | HP: 2/52 [Prince Ribbit (14)]
  4426 | D:5      | Mangled by Prince Ribbit

Illustrated notes

Levels and vault maps discovered:
D:1:      evilmike_arrival_grusome_pit, layout_basic
D:2:      layout_basic, serial_forest, infiniplex_forest_corner_1,
          infiniplex_forest_lined_room_, infiniplex_forest_clump_small,
          infiniplex_forest_zigzag_1, infiniplex_forest_clump_curved,
          infiniplex_forest_3_way, infiniplex_forest_lined_room_2,
          infiniplex_forest_corner_1, infiniplex_forest_corner_1, basic_altar,
          minmay_misc_feat_chi, minmay_box_of_dots
D:3:      layout_basic, mainiacjoe_overflow_paths,
          hellmonk_ecumenical_altar_zigzags, serial_shops,
          nicolae_shop_waterfront, nicolae_titane, uniq_natasha
D:4:      layout_cave_pools, grunt_temple_overflow_open, hex_large,
          minmay_pentangle
D:5:      kennysheep_kobold_camp, layout_basic, kennysheep_slug_shrine,
          uniq_prince_ribbit1

Skill      XL: |  1  2  3  4  5  6 |
---------------+-------------------+-----
Long Blades    | 3 |  3.1
Dodging        | 3 |  3.0
Armour         | 1 2 |  2.7
Necromancy     | 2 3 |  3.9
Spellcasting   | 1 2 |  2.0
Stealth        | 1 2 |  2.8
Unarmed Combat | 1 |  1.0
Fighting       | |  3.5
Short Blades   | |  0.8
Shields        | |  0.5
Conjurations   | |  0.2

Action                     |  1- 3 |  4- 6 |  7- 9 || total
---------------------------+-------+-------+-------++-------
  Melee: Falchion          |    71 |       |       ||    71
         Short sword       |    24 |    68 |       ||    92
         Dagger            |       |    40 |    10 ||    50
         Touch             |       |    10 |     1 ||    11
   Cast: Necrotise         |     5 |    71 |     3 ||    79
    Use: Potion            |       |       |     2 ||     2
   Stab: Paralysed         |     8 |    33 |     1 ||    42
         Sleeping          |       |     7 |       ||     7
 Armour: Leather armour    |    17 |    34 |     2 ||    53
  Dodge: Dodged            |    52 |    73 |     3 ||   128
  Block: Buckler           |       |    11 |       ||    11
